 Dungeon Crawl Stone Soup version 0.27.1-4-g1640c2035a (webtiles) character file.

Game seed: 8215710893001301131

23 ZappyNine the Skirmisher (level 2, -2/25 HPs)
             Began as a Demigod Fighter on Nov 7, 2021.
             Slain by a hobgoblin (3 damage)
             ... on level 1 of the Dungeon.
             The game lasted 00:00:46 (534 turns).

ZappyNine the Skirmisher (Demigod Fighter)           Turns: 534, Time: 00:00:46

Health: -2/25      AC:  6    Str: 17    XL:     2   Next: 54%
Magic:  4/4        EV:  7    Int: 10    God:
Gold:   52         SH:  8    Dex: 13    Spells: 1/1 levels left

rFire    . . .     SeeInvis .   a - +0 trident
rCold    . . .     Faith    .   c - +0 kite shield
rNeg     . . .     Spirit   .   b - +0 scale mail
rPois    .         Reflect  .   (no helmet)
rElec    .         Harm     .   (no cloak)
rCorr    .         Rampage  .   (no gloves)
Will     .....                  (no boots)
Stlth    ..........             (no amulet)
HPRegen  0.08/turn              (no ring)
MPRegen  0.09/turn              (no ring)

@: no status effects
A: high mp 1, forlorn
a: no special abilities


You were on level 1 of the Dungeon.
You visited 1 branch of the dungeon, and saw 1 of its levels.

You collected 52 gold pieces.

Inventory:

Hand Weapons
 a - a +0 trident (weapon)
Armour
 b - a +0 scale mail (worn)
 c - a +0 kite shield (worn)
Jewellery
 e - a ring of magical power
Scrolls
 f - a scroll of identify {unknown}
Potions
 d - a potion of might
 g - a potion of curing {unknown}


   Skills:
 + Level 2.9 Fighting
 + Level 2.1 Polearms
 + Level 2.9 Armour
 * Level 1.2 Dodging
 - Level 2.6 Shields


You had one spell level left.
You didn't know any spells.
Your spell library was empty.

Dungeon Overview and Level Annotations

Branches:
Dungeon (1/15)


Innate Abilities, Weirdness & Mutations

Your attributes grow dramatically as you level up.
You have an increased reservoir of magic. (+10% MP)
You shall have no god before yourself.


Message History

Unknown command.
You hit the jackal.
You kill the jackal!
The jackal bites you. You block the hobgoblin's attack.
The jackal closely misses you. The endoplasm hits you. The hobgoblin hits you.
Unknown command.
Unknown command.
You are too injured to fight recklessly!
Unknown command.
You are too injured to fight recklessly!
Unknown command.
You are too injured to fight recklessly!
Unknown command.
You are too injured to fight recklessly!
Unknown command.
You are too injured to fight recklessly!
Your shield and scale mail prevent you from hitting the jackal.
The jackal completely misses you. The endoplasm closely misses you.
You block the jackal's attack.
The hobgoblin hits you but does no damage.
The endoplasm freezes you.
You are frozen.
* * * LOW HITPOINT WARNING * * *
Unknown command.
You puncture the jackal!
You kill the jackal!
The hobgoblin hits you.
* * * LOW HITPOINT WARNING * * *
The endoplasm freezes you.
You are frozen.
* * * LOW HITPOINT WARNING * * *
The hobgoblin barely misses you. The endoplasm freezes you.
You are frozen.
* * * LOW HITPOINT WARNING * * *
Found a purple potion.
Found a faded altar of an unknown god.
You see here a purple potion.
g - a purple potion The hobgoblin hits you.
You die...

.............#
..............
.... ......#
..####.....#
#.##.......#
#.......#
#+##.......#
...........#
########_#
...........#
#.g@.....#
...........+
#J######.#
...........#+#.#
..#............#
).#............#
..#............##
..#.............#
..##............#
..##............#


You could see an endoplasm and a hobgoblin.

Vanquished Creatures
  An endoplasm (D:1)
  A giant cockroach (D:1)
  4 goblins (D:1)
  2 hobgoblins (D:1)
  4 jackals (D:1)
  A kobold (D:1)
  A quokka (D:1)
  2 ball pythons (D:1)
  2 rats (D:1)
18 creatures vanquished.

Notes
Turn   | Place    | Note
-------+----------+-------------------------------------------
     0 | D:1      | ZappyNine the Demigod Fighter began the quest for the Orb.
     0 | D:1      | Reached XP level 1. HP: 18/18 MP: 3/3
   300 | D:1      | Reached XP level 2. HP: 25/25 MP: 4/4
   351 | D:1      | Reached skill level 1 in Dodging
   528 | D:1      | HP: 1/25 [frozen (4)]
   534 | D:1      | Slain by a hobgoblin

Illustrated notes

Levels and vault maps discovered:
D:1:      roderic_dead_forest, layout_basic, basic_ecumenical_altar

Skill      XL: |  1  2 |
---------------+-------+-----
Polearms       | 2 |  2.1
Dodging        | 1 |  1.2
Fighting       | |  2.9
Armour         | |  2.9
Shields        | |  2.6

Action                   || total
-------------------------++-------
Melee: Trident           ||    49
Armor: Scale mail        ||    16
Dodge: Dodged            ||    33
Block: Kite shield       ||    22
